 Dungeon Crawl Stone Soup version 0.23-a0-644-gb60d84b635 (webtiles) character file.

296 HereIgoKillingAgain the Ruffian (level 6, -1/49 (50) HPs)
             Began as a Ghoul Gladiator on Jan 1, 2019.
             Was an Elder of Uskayaw.
             Slain by an iguana (11 damage)
             ... on level 5 of the Dungeon.
             The game lasted 00:02:07 (3379 turns).

HereIgoKillingAgain the Ruffian (Ghoul Gladiator)   Turns: 3379, Time: 00:02:08

HP:   -1/49 (50)    AC:  4    Str: 18    XL:     6   Next: 35%
MP:   6/6           EV: 12    Int:  5    God:    Uskayaw [****..]
Gold: 185           SH:  0    Dex: 10    Spells: 5/5 levels left

rFire    . . .     SeeInvis .     - Unarmed
rCold    + . .     Gourm    .   (no shield)
rNeg     + + +     Faith    .   a - +0 leather armour
rPois    ∞         Spirit   .   b - +0 helmet
rElec    .         Reflect  .   (no cloak)
rCorr    .         Harm     .   (no gloves)
MR       .....                  (no boots)
Stlth    ..........             (no amulet)
HPRegen  0.00/turn              k - ring of attention (curse)
MPRegen  0.10/turn              (no ring)

@: rotting, slowed, very slow
A: rotting body, claws 1, carnivore, cold resistance 1, negative energy
resistance 3, inhibited regeneration, torment resistance, unbreathing
a: Stomp, Line Pass, Renounce Religion


You were on level 5 of the Dungeon.
You worshipped Uskayaw.
Uskayaw was noncommittal.
You were not hungry.

You visited 2 branches of the dungeon, and saw 6 of its levels.

You collected 185 gold pieces.

Inventory:

Missiles
 c - 3 throwing nets (quivered)
Armour
 a - a +0 leather armour (worn)
 b - a +0 helmet (worn)
Jewellery
 k - a cursed ring of attention (left claw)
Wands
 v - a wand of enslavement (1)
Scrolls
 h - 4 scrolls of identify {unknown}
 i - a scroll of fear {unknown}
 j - 4 scrolls of enchant armour {unknown}
 n - a scroll of teleportation {unknown}
 o - 5 scrolls of amnesia {unknown}
 q - a scroll of magic mapping {unknown}
 t - a scroll of remove curse {unknown}
 w - a scroll of immolation {unknown}
Potions
 e - 2 potions of agility {unknown}
 f - 3 potions of flight {unknown}
 g - 2 potions of curing {unknown}
 l - 3 potions of lignification {unknown}
 m - a potion of might {unknown}
 p - a potion of brilliance {unknown}
 r - a potion of resistance {unknown}
 s - a potion of haste {unknown}
 u - a potion of ambrosia {unknown}
Comestibles
 d - 7 rations


   Skills:
 + Level 2.9 Fighting
 - Level 1.7 Throwing
 - Level 2.6 Dodging
 * Level 7.1 Unarmed Combat
 + Level 1.5 Invocations


You had 5 spell levels left.
You didn't know any spells.
Your spell library was empty.

Dungeon Overview and Level Annotations

Branches:
Dungeon (5/15)             Temple (1/1) D:4

Altars:
Ashenzari
Dithmenos
Elyvilon
Fedhas
Gozag
Hepliaklqana
Kikubaaqudgha
Makhleb
Nemelex Xobeh
Okawaru
Qazlal
Ru
Sif Muna
Trog
Uskayaw
Vehumet
Wu Jian
Xom
Yredelemnul
Zin
The Shining One


Innate Abilities, Weirdness & Mutations

Your body is rotting away.
You thrive on raw meat.
You are immune to poison.
You have sharp fingernails.
You are carnivorous and can eat meat at any time.
Your flesh is cold resistant. (rC+)
You are immune to negative energy. (rN+++)
You do not regenerate when monsters are visible.
You are immune to unholy pain and torment.
You can survive without breathing.


Message History

The orc priest hits you from afar with a +0 trident.
You claw the iguana!
The iguana is severely wounded.
The jackal closely misses you. The iguana bites you!
The jackal closely misses you. The orc priest misses you.
Uskayaw will force your foes to share their pain.
Uskayaw links your audience in an emotional bond!
Unknown command.
You are too injured to fight recklessly!
You are too injured to fight recklessly!
You barely miss the iguana. Your claw misses the iguana.
The iguana is severely wounded.
The jackal bites you.
* * * LOW HITPOINT WARNING * * *
The iguana bites you.
* * * LOW HITPOINT WARNING * * *
The orc priest hits you from afar with a +0 trident.
* * * LOW HITPOINT WARNING * * *
The jackal barely misses you. The iguana bites you!
You die...

......#.....####
#.#.#.####'######
#.#.............## ###
....#.####...........#
#.###..............#.###
..# ##.###.####.##......
#.####.# #.# #.#.o... .
#.#.##.###.####.#).#....
#.#.##.#........@l...#
#......#.######.#h.#.#
..#.##.#.# ##.#..#
#.#.##.#.# #..#..#
#.#.#..#.#####..#..#
#.#.#..#.#......#.##
#.#......'.†...##.#
#......#.#.....# .#
#......#.#.....#


You could see an iguana, an orc priest and a jackal.

Vanquished Creatures
  A hound (D:4)
  2 orc wizards (D:5)
  Jessica (D:3)
  A worker ant (D:5)
  Ijyb (D:4)
  5 adders
  A shadow imp (D:5)
  3 worms
  2 dart slugs
  4 leopard geckos
  5 orcs
  4 giant cockroaches
  5 hobgoblins
  7 jackals
  A quokka (D:2)
  A ball python (D:1)
  4 bats
  6 frilled lizards
  A giant cockroach zombie (D:4)
  6 goblins
  5 kobolds
  6 rats
72 creatures vanquished.

Notes
Turn   | Place    | Note
-------+----------+-------------------------------------------
     0 | D:1      | HereIgoKillingAgain the Ghoul Gladiator began the quest for
                  | the Orb.
     0 | D:1      | Reached XP level 1. HP: 17/17 MP: 0/0
   182 | D:1      | Reached XP level 2. HP: 9/24 MP: 1/1
   185 | D:1      | Reached skill level 4 in Unarmed Combat
   450 | D:1      | You fall through a shaft!
   469 | D:2      | Reached XP level 3. HP: 23/29 MP: 2/2
   707 | D:2      | Found a shattered altar of Ashenzari.
  1034 | D:2      | Found an opulent altar of Gozag.
  1133 | D:2      | Reached skill level 5 in Unarmed Combat
  1331 | D:2      | Reached XP level 4. HP: 32/36 MP: 3/3
  1693 | D:3      | Found a blossoming altar of Fedhas.
  1740 | D:3      | Noticed Jessica
  1745 | D:3      | Killed Jessica
  2213 | D:3      | Found a faded altar of an unknown god.
  2213 | D:3      | Found a bloodstained altar of Trog.
  2218 | D:3      | Found an ancient bone altar of Kikubaaqudgha.
  2220 | D:3      | Found a faded altar of an unknown god.
  2221 | D:3      | Found a hazy altar of Hepliaklqana.
  2289 | D:4      | Reached skill level 6 in Unarmed Combat
  2358 | D:4      | Reached XP level 5. HP: 37/40 MP: 4/4
  2380 | D:4      | Found a blossoming altar of Fedhas.
  2459 | D:4      | Found a staircase to the Ecumenical Temple.
  2618 | Temple   | Entered the Ecumenical Temple
  2706 | Temple   | Became a worshipper of Uskayaw the Reveler
  2814 | D:4      | Noticed Ijyb
  2836 | D:4      | Reached * piety under Uskayaw
  2851 | D:4      | Killed Ijyb
  2853 | D:4      | Reached ** piety under Uskayaw
  3068 | D:5      | Entered Level 5 of the Dungeon
  3278 | D:5      | Reached skill level 1 in Invocations
  3343 | D:5      | Reached XP level 6. HP: 45/49 MP: 5/5
  3372 | D:5      | Reached skill level 7 in Unarmed Combat
  3373 | D:5      | Reached *** piety under Uskayaw
  3378 | D:5      | Reached **** piety under Uskayaw
  3379 | D:5      | Slain by an iguana

Vault maps used:
D:1:      nzn_arrival_settlement
D:2:      lemuel_doored_altar, grunt_gozag_breadcrumbs
D:3:      nicolae_overflow_crystal_walls, chequers_temple_overflow_minitemple,
          uniq_jessica
D:4:      temple_pool_b, first_ration, fedhas_altar_2, uniq_ijyb
Temple:   nicolae_temple_elliptical

Skill      XL: |  1  2  3  4  5  6 |
---------------+-------------------+-----
Unarmed Combat | 4 5 6 7 |  7.1
Invocations    | 1 |  1.5
Fighting       | |  2.9
Throwing       | |  1.7
Dodging        | |  2.6

Action                   |  1- 3 |  4- 6 || total
-------------------------+-------+-------++-------
Melee: Unarmed           |   110 |   146 ||   256
       Punch             |     1 |     4 ||     5
 Stab: Paralysed         |       |     1 ||     1
  Eat: Chunk             |     1 |     9 ||    10
Armor: Leather armour    |    34 |    31 ||    65
Dodge: Dodged            |    58 |    94 ||   152

Table legend:
 A = Non-vault XP
 B = Vault XP
 C = Vault XP percentage of total XP
 D = Non-vault monster count
 E = Vault monster count
 F = Vault count percentage of total count
                 A         B        C        D         E       F
            +---------+---------+-------+---------+---------+-------
      Total |     354 |      70 |  16.5 |      70 |       2 |   2.8
            +---------+---------+-------+---------+---------+-------
        D:1 |      19 |       0 |   0.0 |      14 |       0 |   0.0
        D:2 |      69 |       0 |   0.0 |      22 |       0 |   0.0
        D:3 |      25 |      37 |  59.7 |      11 |       1 |   8.3
        D:4 |      84 |      33 |  28.2 |      14 |       1 |   6.7
        D:5 |     157 |       0 |   0.0 |       9 |       0 |   0.0
            +---------+---------+-------+---------+---------+-------
